 Dungeon Sprint DCSS version 0.28-a0-589-g333b8329f1 (webtiles) character file.

Game seed: 5955587379776888327

3400000 lawman0 the Plane Walker (level 17, -12/116 HPs)
             Began as a Spriggan Warper on Oct 4, 2021.
             Was a High Priest of Makhleb.
             Mangled by a meat berserker (63 damage)
             ... in the Dungeon (Sprint VIII: "Arena of Blood").
             The game lasted 00:00:50 (34 turns).

lawman0 the Plane Walker (Spriggan Warper)            Turns: 34, Time: 00:00:51

Health: -12/116    AC:  2    Str:  7    XL:     17   Next: 37%
Magic:  9/49       EV: 43    Int: 15    God:    Makhleb [*****.]
Gold:   0          SH:  0    Dex: 21    Spells: 70/70 levels left

rFire   . . .      SeeInvis +   j - +∞ Axe of Woe
rCold   . . .      Faith    .   (shield currently unavailable)
rNeg    . . .      Spirit   .   b - +0 robe
rPois   .          Reflect  .   (helmet restricted)
rElec   .          Harm     .   (no cloak)
rCorr   .          Rampage  .   (gloves unavailable)
Will    ++...      NoTele   +   (boots unavailable)
Stlth   ++........              (no amulet)
HPRegen 0.29/turn               (no ring)
MPRegen 0.31/turn               (no ring)

@: very quick
A: very small, no large weapons, unfitting armour, see invisible, speed 3
a: Renounce Religion, Minor Destruction, Lesser Servant of Makhleb, Major
Destruction, Greater Servant of Makhleb


You were in the Dungeon.
You worshipped Makhleb.
Makhleb was extremely pleased with you.
You visited 1 branch

Inventory:

Hand Weapons
 a - a +0 hand axe
 j - the +∞ Axe of Woe (weapon)
   (You found it in the Dungeon)
Missiles
 d - 5 boomerangs of dispersal (quivered)
Armour
 b - a +0 robe (worn)
Scrolls
 c - 2 scrolls of blinking
Potions
 e - a potion of curing
 f - a potion of heal wounds
 g - a potion of haste
 h - 2 potions of magic
 i - a potion of berserk rage


   Skills:
 + Level 24.5 Fighting
 O Level 27 Axes
 + Level 11.2 Throwing
 O Level 27 Dodging
 O Level 27 Spellcasting
 O Level 27 Translocations


You had 70 spell levels left.
You didn't know any spells.
Your spell library contained the following spells:

 Spells                   Type           Power      Damage    Failure   Level
 Blink                    Tloc           N/A        N/A       0%          2
 Gell's Gravitas          Tloc           39%        N/A       0%          3
 Lesser Beckoning         Tloc           79%        N/A       0%          3
 Teleport Other           Tloc           79%        N/A       0%          3
 Manifold Assault         Tloc           79%        N/A       0%          5


Dungeon Overview and Level Annotations

Branches:
Dungeon (1/1)

Altars:
Makhleb


Innate Abilities, Weirdness & Mutations

You are very small and have problems with some larger weapons.
You are too small for most types of armour.
You have supernaturally acute eyesight. (SInv)
You cover ground extremely quickly. (Speed+++)


Message History

You hear a shout!
Your Fighting skill gained 5 levels and is now at level 22!
Your Throwing skill gained 2 levels and is now at level 10!
You have mastered Spellcasting!
You have reached level 17!
Unknown command.
Unknown command.
The bag of meat shouts!
You hit the large bag of meat.
Flame seeps out of the large bag of meat.
You chop the large bag of meat into pieces.
Makhleb accepts your kill.
You can now summon a greater servant of Makhleb.
The large bag of meat explodes!
The fiery explosion engulfs the bag of meat!! x2
The fiery explosion engulfs you!!!
The fiery explosion engulfs the bag of meat!!
You are engulfed in blazing flames.
You hear a shout! x4
A bag of meat comes into view. It is wielding a +9 war axe.
The bag of meat is engulfed in blazing flames.
You hear a shout!
The bag of meat is engulfed in blazing flames.
A destroyer comes into view. It is wielding a +9 vorpal great sword.
The bag of meat is engulfed in blazing flames.
Your Fighting skill gained 2 levels and is now at level 24!
Your Throwing skill increases to level 11!
Unknown command.
Unknown command. 2 orcs and a vampire knight come into view.
The destroyer is wielding a +9 vorpal great sword.
The bag of meat shouts! x2; The destroyer shouts!
You hear a shout! x9
Unknown command.
Unknown command. 3 orcs and 2 ogres come into view.
The bag of meat shouts!
The meat berserker shouts!
The bag of meat shouts! x2
You hear a shout! x4
The meat berserker hits you with a +9 battleaxe!!!
Ouch! That really hurt!
You die...

..##.##........
................ .o
.....#.#....o.. ..o
......o..o..O####..O
.........oo..o....o.O
.........Vo§Oo....o.o
.........oooo..O.....
.........O.§......oV.
#.....§.#.).@O.oo...
#.......#...........
.###......o###o........
......###.o..)........#
......._.))O)))........
....#.....#..))...#.#..
. #_.<._#...V........
#.....#......#.#.#
....._..............


You could see 3 destroyers, a large bag of meat (inner flame), 6 meat berserkers
and 21 bags of meat.

Vanquished Creatures
  8 ogres (D)
  A two-headed ogre (D)
  7 orcs (D)
16 creatures vanquished.

Notes
Turn   | Place    | Note
-------+----------+-------------------------------------------
     0 | D        | Found the +∞ Axe of Woe
     0 | D        | lawman0 the Spriggan Warper began the quest for the Orb.
     0 | D        | Reached XP level 1. HP: 10/10 MP: 5/5
     4 | D        | Became a worshipper of Makhleb the Destroyer
     5 | D        | Noticed a bag of meat
     8 | D        | Noticed a meat berserker
     9 | D        | Killed a bag of meat
    10 | D        | Reached skill level 10 in Axes
    10 | D        | Reached XP level 2. HP: 20/20 MP: 5/15
    10 | D        | Reached XP level 3. HP: 24/24 MP: 5/17
    10 | D        | Reached XP level 4. HP: 28/28 MP: 5/18
    10 | D        | Reached XP level 5. HP: 32/32 MP: 5/20
    10 | D        | Reached XP level 6. HP: 37/37 MP: 5/21
    10 | D        | Reached XP level 7. HP: 41/41 MP: 5/23
    10 | D        | Reached XP level 8. HP: 45/45 MP: 5/24
    10 | D        | Reached XP level 9. HP: 49/49 MP: 5/25
    10 | D        | Reached XP level 10. HP: 53/53 MP: 5/26
    10 | D        | Noticed a meat berserker
    10 | D        | Noticed a bag of meat
    11 | D        | Noticed a meat berserker
    11 | D        | Noticed a bag of meat
    11 | D        | Noticed a meat berserker
    11 | D        | Noticed a meat berserker
    12 | D        | Killed a meat berserker
    12 | D        | Reached * piety under Makhleb
    12 | D        | Noticed a bag of meat
    12 | D        | Noticed a bag of meat
    13 | D        | Reached XP level 11. HP: 60/60 MP: 5/30
    13 | D        | Reached XP level 12. HP: 65/65 MP: 5/31
    13 | D        | Killed a meat berserker
    13 | D        | Noticed a destroyer
    14 | D        | Reached skill level 10 in Fighting
    14 | D        | Reached skill level 27 in Translocations
    14 | D        | Reached XP level 13. HP: 72/72 MP: 5/35
    14 | D        | Noticed a bag of meat
    14 | D        | Noticed a bag of meat
    14 | D        | Noticed a bag of meat
    14 | D        | Noticed a bag of meat
    15 | D        | Killed a meat berserker
    15 | D        | Noticed a bag of meat
    15 | D        | Noticed a meat berserker
    16 | D        | Reached XP level 14. HP: 79/79 MP: 5/37
    16 | D        | Noticed a bag of meat
    16 | D        | Noticed a meat berserker
    17 | D        | Killed a meat berserker
    17 | D        | Reached ** piety under Makhleb
    17 | D        | Killed a bag of meat
    18 | D        | Reached skill level 5 in Throwing
    18 | D        | Killed a meat berserker
    18 | D        | Killed a meat berserker
    18 | D        | Reached *** piety under Makhleb
    18 | D        | Noticed a meat berserker
    18 | D        | Noticed a bag of meat
    19 | D        | Reached skill level 27 in Dodging
    19 | D        | Reached XP level 15. HP: 88/88 MP: 6/43
    20 | D        | Reached skill level 15 in Fighting
    20 | D        | Noticed a large bag of meat
    24 | D        | Reached XP level 16. HP: 80/96 MP: 7/45
    24 | D        | Reached **** piety under Makhleb
    24 | D        | Killed a meat berserker
    25 | D        | Reached skill level 27 in Axes
    25 | D        | Noticed a large bag of meat
    26 | D        | Noticed a destroyer
    26 | D        | Noticed a meat berserker
    26 | D        | Noticed a destroyer
    27 | D        | Noticed a large bag of meat
    30 | D        | Noticed a meat berserker
    30 | D        | Noticed a meat berserker
    31 | D        | Killed a meat berserker
    31 | D        | Noticed a meat berserker
    32 | D        | Reached skill level 10 in Throwing
    32 | D        | Reached skill level 27 in Spellcasting
    32 | D        | Reached XP level 17. HP: 112/112 MP: 8/49
    32 | D        | Killed a large bag of meat
    32 | D        | Reached ***** piety under Makhleb
    32 | D        | Noticed a destroyer
    33 | D        | Noticed a destroyer
    34 | D        | Noticed a meat berserker
    34 | D        | Noticed a meat berserker
    34 | D        | Mangled by a meat berserker

Illustrated notes

Levels and vault maps discovered:
D:        meatsprint

Skill      XL: |  1  2  3  4  5  6  7  8  9 10 11 12 13 14 15 16 17 |
---------------+----------------------------------------------------+-----
Fighting       | 6 8 10 11 14 15 22 24 | 24.5
Axes           | 10 13 16 18 22 24 27 | 27.0
Throwing       | 2 3 4 7 10 11 | 11.2
Dodging        | 14 18 20 22 27 | 27.0
Spellcasting   | 11 14 17 18 23 24 27 | 27.0
Translocations | 21 26 27 | 27.0

Action                   |  1- 3 |  4- 6 |  7- 9 | 10-12 | 13-15 | 16-18 || total
-------------------------+-------+-------+-------+-------+-------+-------++-------
Melee: Broad axe         |     1 |       |       |     2 |     5 |     3 ||    11

Table legend: (Time is in decaauts)
 A = Elapsed time spent in this place.
 B = Non-inter-level travel time spent in this place.
 C = Inter-level travel time spent in this place.
 D = Time resting spent in this place.
 E = Time spent auto-exploring this place.
 F = Levels seen in this place.
 G = Mean time per level.
                   A        B        C        D        E       F      G
               +--------+--------+--------+--------+--------+-----+--------+
         Total |     23 |     23 |      0 |      0 |      0 |   1 |   23.0 |
       Dungeon |     23 |     23 |      0 |      0 |      0 |   1 |   23.0 |
               +--------+--------+--------+--------+--------+-----+--------+

Top non-repeatable levels by time:
       D: 23 daAuts
